 Seeded DCSS version 0.30.1-11-g7821555f0a (webtiles) character file.

Game seed: 6351066067085065685 (custom seed)

410942 Esekla the Archmage (level 22, -2/133 HPs)
             Began as a Deep Elf Wanderer on Nov 30, 2023.
             Was the Champion of Vehumet.
             Killed from afar by an acid blob (13 damage)
             ... with a splash of acid
             ... on level 2 of the Pits of Slime on Dec 7, 2023.
             The game lasted 07:46:12 (48116 turns).

Esekla the Archmage (Deep Elf Wanderer)            Turns: 48116, Time: 07:46:12

Health: -2/133     AC: 20    Str:  9    XL:     22   Next: 46%
Magic:  50/55      EV: 15    Int: 36    God:    Vehumet [******]
Gold:   2838       SH:  0    Dex: 11    Spells: 5/75 levels left

rFire   + + .        a - +12 pair of quick blades "Gyre" and "Gimble" {protect}
rCold   + . .        (shield currently unavailable)
rNeg    + . .        R - +1 ring mail "Uronn" {rF+ Regen+ Int+3}
rPois   +            G - +2 helmet {Int+3}
rElec   +            M - +2 cloak {Stlth+}
rCorr   .            E - +2 pair of gloves "Seteklek" {rF+ rC+}
SInv    .            Q - +2 pair of boots {rampage}
Will    ++...        z - amulet of magic regeneration
Stlth   +++          d - ring of Greed {rElec rPois rN+ AC+4 Str-2}
HPRegen 0.00/turn    g - ring of the Mage {Wiz Archmagi}
MPRegen 0.74/turn

%: rampage, wizardry (x1), archmagi
@: wereblooded, corroded, inhibited regen, studying Long Blades
A: inhibited regeneration
}: 2/15 runes: barnacled, gossamer
a: Renounce Religion


You were on level 2 of the Pits of Slime.
You worshipped Vehumet.
Vehumet was exalted by your worship.
You visited 9 branches of the dungeon, and saw 41 of its levels.
You visited 1 bazaar.
You also visited: Trove, Bailey and Desolation.

You collected 7011 gold pieces.
You spent 4173 gold pieces at shops.

Inventory:

Hand Weapons
 a - the +12 pair of quick blades "Gyre" and "Gimble" (weapon) {protect}
   (You found it in a treasure trove)
 e - a +2 demon blade of electrocution
 n - the +9 sword of Power {lifebolt}
   (You found it in the Desolation of Salt)
 r - a +4 trident of venom
 D - the +8 Vampire's Tooth {megavamp}
   (You bought it in a shop in a bazaar)
 Y - the +1 falchion of Jefabeyc {holy, rElec rN+++ Int-4 SInv}
   (You took it off a deep elf demonologist on level 3 of the Elven Halls)

   Int:       It affects your intelligence (-4).
   rElec:     It insulates you from electricity.
   rN:        It renders you almost immune to negative energy.
   SInv:      It lets you see invisible.
Missiles
 v - 8 silver javelins
 C - 87 poisoned darts
 K - 6 curare-tipped darts
 N - 26 boomerangs (quivered)
Armour
 f - the +1 robe of Vehumet's Regard {*Slow rElec Stlth+ Archmagi}
   (You took it off a deep elf annihilator on level 3 of the Elven Halls)

   rElec:     It insulates you from electricity.
   *Slow:     It may slow you when you take damage.
   Archmagi:  It increases the power of your magical spells.
   Stlth:     It makes you more stealthy.
 E - the +2 pair of gloves "Seteklek" (worn) {rF+ rC+}
   (You found it in a treasure trove)

   rF:        It protects you from fire.
   rC:        It protects you from cold.
 G - a +2 helmet of intelligence (worn)
 M - a +2 cloak of stealth (worn)
 Q - a +2 pair of boots of rampaging (worn)
 R - the +1 ring mail "Uronn" (worn) {rF+ Regen+ Int+3}
   (You took it off a merfolk on level 4 of the Shoals)

   Int:       It affects your intelligence (+3).
   rF:        It protects you from fire.
   Regen:     It increases your rate of health regeneration.
 Z - the +1 animal skin "Kougi" {rPois rF++ MP+9}
   (You found it on level 2 of the Shoals)

   rF:        It greatly protects you from fire.
   rPois:     It protects you from poison.
   MP:        It affects your magic capacity (+9).
Jewellery
 c - a ring of see invisible
 d - the ring of Greed (left hand) {rElec rPois rN+ AC+4 Str-2}
   (You bought it in a shop on level 2 of the Dungeon)

   [ring of protection]

   AC:        It affects your AC (+4).
   Str:       It affects your strength (-2).
   rElec:     It insulates you from electricity.
   rPois:     It protects you from poison.
   rN:        It protects you from negative energy.
 g - the ring of the Mage (right hand) {Wiz Archmagi}
   (You bought it in a shop on level 2 of the Dungeon)

   [ring of wizardry]

   It improves your spell success rate.
   Archmagi:  It increases the power of your magical spells.
 l - the ring of Akemeir {Fire Str+4}
   (You found it in a treasure trove)

   [ring of fire]

   It enhances your fire magic.
   Str:       It affects your strength (+4).
   rF:        It protects you from fire.
   rC:        It makes you vulnerable to cold.
 z - an amulet of magic regeneration (around neck)
 L - the ring "Pileq" {Ice Str+4 Dex+3 Slay+2}
   (You found it on level 4 of the Shoals)

   [ring of ice]

   It enhances your ice magic.
   Str:       It affects your strength (+4).
   Dex:       It affects your dexterity (+3).
   Slay:      It affects your accuracy & damage with ranged weapons and melee
   (+2).
   rF:        It makes you vulnerable to fire.
   rC:        It protects you from cold.
 X - the ring of Descent {rPois rC+ Int+5 Stlth-}
   (You found it in a treasure trove)

   [ring of protection from cold]

   Int:       It affects your intelligence (+5).
   rC:        It protects you from cold.
   rPois:     It protects you from poison.
   Stlth:     It makes you less stealthy.
Wands
 i - a wand of roots (59)
 A - a wand of flame (77)
 I - a wand of mindburst (17)
 O - a wand of quicksilver (35)
 T - a wand of digging (16)
Scrolls
 o - 6 scrolls of enchant weapon
 p - 6 scrolls of amnesia
 t - 3 scrolls of blinking
 u - 6 scrolls of fog
 w - 3 scrolls of silence
 x - 3 scrolls of acquirement
 y - 4 scrolls of magic mapping
 B - 6 scrolls of fear
 F - 11 scrolls of teleportation
 H - 5 scrolls of poison
Potions
 h - 6 potions of heal wounds
 j - 11 potions of haste
 k - 14 potions of curing
 m - 8 potions of brilliance
 q - 3 potions of might
 s - 5 potions of ambrosia
 J - 4 potions of cancellation
 P - a potion of invisibility
 S - 5 potions of magic
 U - 6 potions of flight
 V - 3 potions of resistance
 W - 11 potions of attraction
Miscellaneous
 b - a lightning rod (4/4)


   Skills:
 - Level 12.6 Fighting
 - Level 11.1(11.3) Short Blades
 * Level 3.1(7.2) Long Blades
 + Level 3.0 Throwing
 - Level 7.3 Armour
 * Level 16.2 Dodging
 + Level 5.1 Stealth
 + Level 2.9 Shields
 O Level 27 Spellcasting
 + Level 9.5 Conjurations
 + Level 14.9 Necromancy
 + Level 7.2 Translocations
 - Level 3.0 Transmutations
 * Level 10.5 Fire Magic
 + Level 10.2 Ice Magic
 * Level 14.3 Air Magic
 - Level 10.1 Earth Magic
 - Level 11.0 Poison Magic
 + Level 1.1 Invocations
 + Level 1.0 Evocations


You had 5 spell levels left.
You knew the following spells:

 Your Spells              Type           Power      Damage    Failure   Level
a - Ozocubu's Armour      Ice            100%       N/A       1%          3
b - Blink                 Tloc           100%       N/A       1%          2
c - Mephitic Cloud        Conj/Pois/Air  100%       N/A       0%          3
d - Vampiric Draining     Necr           100%       2d13      0%          3
e - Searing Ray           Conj           100%       2d8       1%          2
f - Fireball              Conj/Fire      55%        3d21      1%          5
g - Ozocubu's Refrigerat  Ice            55%        4d19      1%          7
k - Airstrike             Air            61%        2d(9-25)  1%          4
l - Lee's Rapid Deconstr  Erth           55%        3d26*     1%          5
m - Maxwell's Capacitive  Air            61%        ∞         2%          8
n - Ignite Poison         Fire/Tmut/Pois 100%       N/A       1%          3
p - Apportation           Tloc           100%       N/A       1%          1
r - Frozen Ramparts       Ice            100%       1d16      1%          3
u - Dispel Undead         Necr           100%       3d31      0%          4
v - Poisonous Vapours     Pois/Air       100%       N/A       0%          2
w - Wereblood             Tmut           81%        N/A       1%          2
x - Olgreb's Toxic Radia  Pois           100%       N/A       1%          4
y - Sticky Flame          Conj/Fire      100%       2d11      1%          4
z - Freezing Cloud        Conj/Ice/Air   57%        6-21      1%          5

Your spell library contained the following spells:

 Spells                   Type           Power      Damage    Failure   Level
 Polar Vortex             Ice            55%        N/A       75%         9
 Fire Storm               Conj/Fire      55%        8d14      77%         9
 Foxfire                  Conj/Fire      100%       2x1d9     0%          1
 Freeze                   Ice            100%       1d10      0%          1
 Magic Dart               Conj           100%       1d8       0%          1
 Necrotise                Necr           100%       1d9       0%          1
 Sandblast                Erth           100%       2d20      0%          1
 Shock                    Conj/Air       100%       1d9       0%          1
 Cigotuvi's Dreadful Rot  Necr/Pois/Air  100%       N/A       0%          2
 Sublimation of Blood     Necr           100%       N/A       0%          2
 Swiftness                Air            100%       N/A       0%          3
 Sting                    Tmut/Pois      100%       1d8       1%          1
 Summon Small Mammal      Summ           100%       N/A       1%          1
 Call Imp                 Summ           100%       N/A       1%          2
 Lesser Beckoning         Tloc           100%       N/A       1%          2
 Passwall                 Tmut/Erth      80%        N/A       1%          2
 Gell's Gravitas          Tloc           100%       N/A       1%          3
 Hailstorm                Conj/Ice       100%       3d20      1%          3
 Inner Flame              Hex/Fire       92%        N/A       1%          3
 Portal Projectile        Hex/Tloc       100%       N/A       1%          3
 Spider Form              Tmut/Pois      99%        N/A       1%          3
 Stone Arrow              Conj/Erth      100%       3d13      1%          3
 Teleport Other           Tloc           100%       N/A       1%          3
 Tukima's Dance           Hex            64%        N/A       1%          3
 Vhi's Electric Charge    Tloc/Air       100%       N/A       1%          3
 Anguish                  Hex/Necr       50%        N/A       1%          4
 Animate Armour           Summ/Erth      100%       N/A       1%          4
 Ice Form                 Ice/Tmut       97%        N/A       1%          4
 Manifold Assault         Tloc           100%       N/A       1%          4
 Passage of Golubria      Tloc           100%       N/A       1%          4
 Summon Ice Beast         Ice/Summ       91%        N/A       1%          4
 Summon Lightning Spire   Summ/Air       100%       N/A       1%          4
 Agony                    Necr           100%       N/A       1%          5
 Arcjolt                  Conj/Air       58%        1d68      1%          5
 Silence                  Hex/Air        50%        N/A       1%          5
 Yara's Violent Unravell  Hex/Tmut       36%        3d15      1%          5
 Summon Forest            Summ/Tloc      42%        N/A       2%          5
 Cause Fear               Hex            32%        N/A       4%          4
 Summon Mana Viper        Hex/Summ       64%        N/A       11%         5
 Death Channel            Necr           62%        N/A       1%          6
 Plasma Beam              Fire/Air       59%        2x1d81    1%          6
 Starburst                Conj/Fire      55%        6d15      1%          6
 Dispersal                Tloc           50%        N/A       3%          6
 Ignition                 Fire           56%        3d15      10%         8
 Lehudib's Crystal Spear  Conj/Erth      54%        10d13     12%         8
 Spellforged Servitor     Conj/Summ      45%        N/A       13%         7
 Summon Cactus Giant      Summ           32%        N/A       47%         6
 Chain Lightning          Conj/Air       58%        3d77      52%         9
 Dragon Form              Tmut           40%        N/A       65%         7
 Disjunction              Tloc           50%        N/A       75%         8
 Enfeeble                 Hex            32%        N/A       95%         7
 Summon Hydra             Summ           32%        N/A       95%         7
 Dragon's Call            Summ           32%        N/A       100%        9


Dungeon Overview and Level Annotations

Branches:
Dungeon (13/15)            Temple (0/1) D:6            Lair (5/5) D:11
 Shoals (4/4) Lair:2       Spider (4/4) Lair:3        Slime (3/5) Lair:5
    Orc (2/2) D:10            Elf (3/3) Orc:2        Vaults (4/5) D:13
  Crypt (3/3) Vaults:2       Tomb (0/3) Crypt:3      Bailey (visited)
Desolation (visited)

Altars:
Dithmenos
Fedhas
Hepliaklqana
Nemelex Xobeh
Okawaru
Qazlal
Ru
Trog
Uskayaw
Vehumet
Zin
The Shining One
Jiyva

Shops:
D:2 =   D:4 (   D:11 *   Orc:2 **[:   Elf:2 ?:?   Shoals:2 (   Shoals:3 !
Vaults:1 [   Vaults:4 ?

Portals:
Abyss: Slime:1
Pandemonium: Orc:2

Annotations:
Crypt:2 3 runed translucent doors, Fainec's ghost, veteran GrEE; Nyubb's ghost, veteran MiGl; Zuiged's ghost, veteran FoFi


Innate Abilities, Weirdness & Mutations

You do not regenerate when monsters are visible.


Message History

Casting: Poisonous Vapours (safe; 0% risk of failure)
Confirm with . or Enter, or press ? or * to list all spells.
You feel a surge of power!
You ignite the poison in your surroundings!
The shining eye seems to burn from within!!!!
You kill the shining eye!
Vehumet accepts your kill.
You feel your power returning.
Casting: Ignite Poison (safe; 1% risk of failure)
Confirm with . or Enter, or press ? or * to list all spells.
You feel a surge of power! A film of ice covers your body!
The azure jelly hits you but does no damage.
The azure jelly barely misses you.
The azure jelly hits you but does no damage.
The azure jelly barely misses you. The acid blob spits acid at you.
The splash of acid hits you!!
* * * LOW HITPOINT WARNING * * *
The acid corrodes you!
You feel much better. The azure jelly completely misses you.
The azure jelly hits you but does no damage.
The azure jelly hits you.
* * * LOW HITPOINT WARNING * * *
The azure jelly closely misses you.
The azure jelly hits you but does no damage.
The azure jelly closely misses you. x2; The azure jelly barely misses you.
The acid blob hits you!
* * * LOW HITPOINT WARNING * * *
You are splashed with acid!
* * * LOW HITPOINT WARNING * * *
Casting: Ozocubu's Armour (safe; 1% risk of failure)
Confirm with . or Enter, or press ? or * to list all spells.
You feel a surge of power!
Your icy armour will break if you move.
Continue?
You blink.
Your icy armour cracks and falls away as you move.
Acid dripping from the walls corrodes you.
The acid blob spits acid at you. The splash of acid hits you!
You die...

##...#.##...##.......##
#......#...........##
##......#........#.##
##.#....#.#......##.##
#................#...##
#..#............##....####
.............J.........#.##
#.#....>.....J............#
###..#........J.@......#..#
#............#........#...#
##.......#.#...#.......##.##
#.......#.......#.##...####
##.#....##.......##.....#
####....##.....####.#.##
##....#....### #####
#...........# ##.........##


You could see an acid blob and 2 azure jellies.

Vanquished Creatures
  A dread lich (Crypt:3)
  Mara (Spider:4)
  An ancient lich (Crypt:3)
  Mennas (Vaults:2)
  A curse toe (Crypt:3)
  A golden dragon (Vaults:4)
  A bone dragon (Crypt:3)
  Rupert (Lair:4)
  A quicksilver dragon (Vaults:4)
  2 liches (Crypt:3)
  5 sphinxes
  6 ancient champions
  A kraken (Shoals:3)
  3 deep elf blademasters
  2 deep elf master archers (Elf:3)
  3 acid blobs
  2 shadow dragons (Vaults:4)
  Ilsuiw (Shoals:3)
  3 azure jellies
  2 frost giants (Vaults:4)
  9 emperor scorpions
  2 imperial myrmidons (Desolation)
  2 ghouls
  3 iron dragons (Vaults:4)
  3 curse skulls
  7 deep elf sorcerers
  4 ghost moths
  12 vault wardens
  3 orc warlords
  A deep elf elementalist (Elf:3)
  11 very ugly things
  13 ironbound thunderhulks
  8 ironbound preservers
  2 reapers
  4 war gargoyles (Vaults:2)
  A broodmother (Spider:3)
  2 quicksilver oozes
  7 vampire knights
  4 deep elf demonologists
  Azrael (Orc:2)
  7 dire elephants
  9 deep elf annihilators
  A minotaur (Shoals:4)
  4 halazid warlocks (Desolation)
  2 spark wasps
  2 crystal guardians
  5 eidola
  5 entropy weavers
  3 merfolk javelineers (Shoals:3)
  6 deep elf death magi
  4 fire dragons
  An ettin (Vaults:4)
  7 great orbs of eyes
  3 merfolk impalers
  7 yaktaur captains
  3 jiangshi (Crypt:3)
  4 servants of whispers (Desolation)
  4 deep elf high priests
  11 vault guards
  9 ragged hierophants (Desolation)
  3 hydras
  12 peacekeepers
  Harold (D:9)
  4 boulder beetles
  15 ironbound frosthearts
  A demonspawn (Orc:2)
  4 merfolk aquamancers
  2 death knights (Crypt:1)
  3 radroaches
  16 satyrs
  4 centaur warriors
  A catoblepas (Lair:5)
  3 jorogumos
  An alligator snapping turtle (Shoals:3)
  32 dancing weapons
  4 merfolk avatars
  4 two-headed ogres
  4 vampire magi
  A titan zombie (Crypt:2)
  3 orc high priests (Orc:2)
  A soul eater (Crypt:1)
  13 deep elf knights
  2 pharaoh ants
  A shadow wraith (Crypt:2)
  16 skeletal warriors
  A sun moth (Spider:1)
  Lodul (D:11)
  2 flayed ghosts
  12 sea snakes
  4 skysharks
  10 orb spiders
  12 deep elf archers
  3 glowing orange brains
  2 golden dragon skeletons
  4 bog bodies
  Pikel (D:6)
  An iron giant skeleton (Crypt:3)
  A swamp dragon (Lair:5)
  26 deep trolls
  An anaconda skeleton (Crypt:2)
  21 ironbound convokers
  6 lindwurms
  3 steelbarb worms
  A bunyip skeleton (Crypt:2)
  24 harpies
  8 phantasmal warriors
  A tengu zombie (Vaults:4)
  An oklob plant (Lair:5)
  8 wizards
  9 necromancers
  A wolf spider zombie (Crypt:1)
  25 deep elf zephyrmancers
  22 deep elf pyromancers
  22 ugly things
  8 wolf spiders
  2 shining eyes
  24 fauns
  A tengu skeleton (Vaults:4)
  11 orc knights
  9 cyclopes
  10 orc sorcerers
  3 moths of wrath
  Joseph (D:7)
  A stone giant zombie (Vaults:4)
  23 manticores
  An eleionoma skeleton (Crypt:2)
  6 merfolk sirens
  2 black mambas
  34 slime creatures
  9 elephants (Lair:5)
  A black mamba (shapeshifter) (D:13)
  2 human skeletons (Vaults:4)
  7 water nymphs
  7 guardian serpents (Desolation)
  7 torpor snails
  An eye of devastation (Slime:3)
  A smoke demon (Orc:2)
  25 vault sentinels
  2 gargoyles
  3 demonic crawlers
  A cane toad (shapeshifter) (Vaults:4)
  11 cane toads
  2 molten gargoyles (Desolation)
  A centaur skeleton (Crypt:2)
  A red draconian zombie (Crypt:3)
  Psyche (D:11)
  A grey draconian zombie (Crypt:3)
  3 rime drakes
  16 komodo dragons
  An unseen horror (D:13)
  6 freezing wraiths
  4 human zombies (Vaults:4)
  3 kobold demonologists
  39 yaktaurs
  A catoblepas zombie (Crypt:2)
  A tengu conjurer (D:13)
  4 guardian mummies (Crypt:3)
  An alligator snapping turtle skeleton (Crypt:2)
  A red devil (Orc:2)
  A harpy zombie (Crypt:1)
  3 tyrant leeches (Lair:5)
  A white draconian skeleton (Crypt:3)
  26 merfolk
  A polar bear (D:11)
  7 trolls
  A death drake zombie (Crypt:2)
  47 saltlings
  9 tarantellas
  12 hornets
  3 wind drakes
  2 harpy skeletons (Crypt:1)
  5 blink frogs (Lair:1)
  11 jumping spiders
  8 snapping turtles
  6 flying skulls
  12 spriggans (Lair:3)
  3 air elementals
  4 centaur simulacra (D:11)
  2 vampires
  7 culicivoras
  10 water elementals
  8 wraiths
  5 basilisks
  33 yaks
  A chaos spawn (Orc:2)
  4 fire elementals
  3 steam dragons
  5 wyverns
  A vampire mosquito (D:13)
  29 redbacks
  A wind drake skeleton (Crypt:3)
  Menkaure (D:7)
  3 wargs
  3 acid dragons
  An entropy weaver zombie (Crypt:3)
  6 ice beasts
  4 hell hounds (Orc:2)
  14 water moccasins
  A naga skeleton (Crypt:3)
  2 swamp drakes (Lair:5)
  A sky beast (D:6)
  43 orc warriors
  2 black bears
  A merfolk simulacrum (Crypt:1)
  3 boggarts (Lair:3)
  18 ogres
  An elephant zombie (Crypt:1)
  2 centaurs
  12 wolves
  A lindwurm skeleton (Crypt:3)
  A phantom (D:7)
  Blork the orc (D:6)
  6 kobold brigands
  A draconian zombie (Crypt:2)
  7 earth elementals
  4 gnoll sergeants
  3 necrophages (Crypt:1)
  10 bullfrogs
  3 scorpions
  10 wights
  A wyvern skeleton (Crypt:3)
  A yak zombie (Crypt:2)
  20 killer bees
  A polar bear skeleton (Crypt:2)
  2 howler monkeys (D:10)
  An electric eel (D:11)
  2 quasits (D:8)
  3 gnoll boudas
  6 hounds
  A jelly (D:6)
  Crazy Yiuf (D:7)
  32 orc priests
  7 iguanas
  12 hell rats
  A sleepcap (D:5)
  14 orc wizards
  An acid dragon zombie (Crypt:1)
  2 ogre skeletons
  34 gnolls
  9 adders
  3 shadow imps (D:8)
  9 white imps
  4 ufetubi
  An iguana skeleton (Crypt:1)
  A worm (D:3)
  3 dart slugs
  95 orcs
  2 bat zombies
  4 endoplasms
  9 goblins
  7 hobgoblins
  A quokka (D:1)
  3 training dummies (Shoals:2)
  6 ball pythons
  4 bats
  4 frilled lizards
  A jackal zombie (Crypt:3)
  24 kobolds
  A rat (D:2)
1687 creatures vanquished.

Vanquished Creatures (collateral kills)
  An ironbound preserver (Vaults:4)
1 creature vanquished.

Vanquished Creatures (others)
  A harpy (Shoals:2)
  8 tentacles
9 creatures vanquished.

Grand Total: 1697 creatures vanquished

Notes
Turn   | Place    | Note
-------+----------+-------------------------------------------
     0 | D:1      | Esekla the Deep Elf Wanderer began the quest for the Orb.
     0 | D:1      | Esekla set off with the following items: a +0 club, a
                  | potion of lignification, a +0 robe, a +0 buckler; and the
                  | following spells available to memorise: Apportation, Blink,
                  | Lesser Beckoning, Magic Dart, Ignite Poison, Vampiric
                  | Draining.
     0 | D:1      | Reached XP level 1. HP: 10/10 MP: 7/7
     2 | D:1      | Learned a level 1 spell: Magic Dart
     4 | D:1      | Learned a level 1 spell: Apportation
   267 | D:2      | Found Renulab's Jewellery Shop.
   474 | D:4      | Found a radiant altar of Vehumet.
   478 | D:4      | Became a worshipper of Vehumet
   493 | D:4      | Found an iron altar of Okawaru.
   504 | D:4      | Found a glowing silver altar of Zin.
   586 | D:4      | Found Ponaysk's Antique Weapon Boutique.
   823 | D:3      | Reached XP level 2. HP: 15/15 MP: 7/9
   826 | D:3      | Learned a level 2 spell: Blink
   961 | D:3      | Identified the +5 rapier of the Hero {heavy, rN+ Dex+3}
  1000 | D:2      | Reached skill level 5 in Spellcasting
  1344 | D:2      | Reached skill level 1 in Necromancy
  1344 | D:2      | Reached XP level 3. HP: 19/19 MP: 11/11
  1348 | D:2      | Learned a level 3 spell: Ignite Poison
  1352 | D:2      | Learned a level 3 spell: Vampiric Draining
  1373 | D:2      | Reached * piety under Vehumet
  1373 | D:2      | Offered knowledge of Kiss of Death by Vehumet.
  1426 | D:3      | Found a stormy altar of Qazlal.
  1437 | D:3      | Found a bloodstained altar of Trog.
  1467 | D:3      | Found a hazy altar of Hepliaklqana.
  1478 | D:3      | Reached skill level 1 in Short Blades
  1478 | D:3      | Reached XP level 4. HP: 17/24 MP: 8/13
  1856 | D:1      | Reached skill level 6 in Spellcasting
  2382 | D:4      | Found a glowing golden altar of the Shining One.
  2423 | D:5      | Entered Level 5 of the Dungeon
  2431 | D:5      | Got the Parchment of the Lumpy Olives
  2450 | D:5      | Found a shadowy altar of Dithmenos.
  2478 | D:5      | Offered knowledge of Freeze by Vehumet.
  2479 | D:5      | Reached skill level 1 in Conjurations
  2539 | D:5      | Reached XP level 5. HP: 14/28 MP: 9/15
  2563 | D:5      | Reached ** piety under Vehumet
  2781 | D:4      | Reached skill level 1 in Dodging
  2934 | D:2      | Found a faded altar of an unknown god.
  2978 | D:2      | Noticed a black bear
  2990 | D:2      | Killed a black bear
  2991 | D:2      | Reached skill level 7 in Spellcasting
  2991 | D:2      | Reached XP level 6. HP: 7/32 MP: 3/18
  3613 | D:5      | Reached skill level 8 in Spellcasting
  3613 | D:5      | Reached XP level 7. HP: 36/36 MP: 18/20
  4142 | D:6      | Reached skill level 9 in Spellcasting
  4351 | D:6      | Reached XP level 8. HP: 30/41 MP: 3/23
  4352 | D:6      | Offered knowledge of Searing Ray by Vehumet.
  4369 | D:6      | Learned a level 2 spell: Searing Ray
  4371 | D:6      | Found a blossoming altar of Fedhas.
  4522 | D:6      | Found a staircase to the Ecumenical Temple.
  4606 | D:6      | Noticed Pikel
  4632 | D:6      | Killed Pikel
  4633 | D:6      | Reached skill level 1 in Throwing
  4633 | D:6      | Reached skill level 10 in Spellcasting
  4633 | D:6      | Reached skill level 5 in Necromancy
  4896 | D:6      | Reached *** piety under Vehumet
  4900 | D:6      | Noticed Blork the orc
  4948 | D:6      | Killed Blork the orc
  5155 | D:7      | Found a runed translucent door.
  5156 | D:7      | Noticed Crazy Yiuf
  5164 | D:7      | Killed Crazy Yiuf
  5165 | D:7      | Reached skill level 11 in Spellcasting
  5208 | D:7      | Reached XP level 9. HP: 45/45 MP: 26/26
  5273 | D:7      | Noticed Menkaure
  5282 | D:7      | Killed Menkaure
  5483 | D:7      | Offered knowledge of Frozen Ramparts by Vehumet.
  5492 | D:7      | Learned a level 3 spell: Frozen Ramparts
  5981 | D:7      | Noticed Joseph
  6155 | D:8      | Reached skill level 1 in Evocations
  6165 | D:7      | Reached skill level 12 in Spellcasting
  6239 | D:7      | Reached **** piety under Vehumet
  6240 | D:7      | Reached skill level 5 in Dodging
  6273 | D:8      | Offered knowledge of Sticky Flame by Vehumet.
  6440 | D:8      | Reached skill level 1 in Ice Magic
  6450 | D:8      | Found a hide-covered altar of Uskayaw.
  6539 | D:8      | Learned a level 4 spell: Sticky Flame
  6704 | D:8      | Found a transporter.
  6704 | D:8      | Found a transporter.
  6709 | D:8      | Found a transporter.
  6709 | D:8      | Noticed a two-headed ogre
  6714 | D:8      | Found a transporter.
  7182 | D:8      | Killed a two-headed ogre
  7183 | D:8      | Reached skill level 1 in Transmutations
  7183 | D:8      | Reached skill level 1 in Fire Magic
  7183 | D:8      | Reached XP level 10. HP: 50/50 MP: 28/28
  7566 | D:9      | Noticed a two-headed ogre
  7587 | D:9      | Killed a two-headed ogre
  7588 | D:9      | Reached skill level 13 in Spellcasting
  7588 | D:9      | Reached skill level 1 in Poison Magic
  7653 | D:9      | Found a flagged portal.
  7681 | Bailey   | Entered a bailey
  7849 | Bailey   | Reached ***** piety under Vehumet
  7896 | Bailey   | Offered knowledge of Fireball by Vehumet.
  7903 | Bailey   | Learned a level 5 spell: Fireball
  7968 | Bailey   | Identified the +2 bardiche of Puhoisos {heavy, rElec
                  | Stlth+}
  7972 | Bailey   | Noticed an orc knight
  7972 | Bailey   | Noticed an orc knight
  8046 | Bailey   | Killed an orc knight
  8047 | Bailey   | Reached skill level 1 in Long Blades
  8107 | Bailey   | Killed an orc knight
  8361 | D:9      | Noticed Harold
  8413 | D:9      | Found a sparkling altar of Nemelex Xobeh.
  8660 | D:9      | Noticed a cyclops
  8668 | D:9      | Killed a cyclops
  8749 | D:9      | Reached skill level 1 in Fighting
  8772 | D:9      | Noticed a cyclops
  8855 | D:9      | Killed a cyclops
  8856 | D:9      | Reached XP level 11. HP: 39/56 MP: 28/30
  8945 | D:10     | Entered Level 10 of the Dungeon
  8977 | D:10     | Found a staircase to the Orcish Mines.
  8995 | Orc:1    | Entered Level 1 of the Orcish Mines
  8999 | Orc:1    | Noticed an orc knight
  9051 | Orc:1    | Killed an orc knight
  9503 | D:2      | Bought the ring of the Mage {Wiz Archmagi} for 714 gold
                  | pieces
  9503 | D:2      | Found the ring of the Mage {Wiz Archmagi}
  9893 | D:10     | Found a sacrificial altar of Ru.
  9928 | D:10     | Reached skill level 14 in Spellcasting
 10199 | D:7      | Killed Joseph
 10393 | D:9      | Killed Harold
 10748 | D:10     | Offered knowledge of Flame Wave by Vehumet.
 10749 | D:10     | Reached skill level 5 in Conjurations
 10792 | D:11     | Reached skill level 1 in Armour
 11085 | D:11     | Reached skill level 15 in Spellcasting
 11257 | D:11     | Noticed Psyche
 11263 | D:11     | Killed Psyche
 11264 | D:11     | Reached XP level 12. HP: 66/66 MP: 30/33
 11317 | D:11     | Noticed a two-headed ogre
 11324 | D:11     | Killed a two-headed ogre
 11325 | D:11     | Reached skill level 5 in Ice Magic
 11373 | D:11     | Got Simple Magic
 11470 | D:12     | Learned a level 2 spell: Wereblood
 11582 | D:12     | Found a portal to a secret trove of treasure.
 11643 | D:12     | Learned a level 2 spell: Poisonous Vapours
 11647 | D:12     | Learned a level 3 spell: Mephitic Cloud
 11653 | D:12     | Learned a level 5 spell: Freezing Cloud
 12143 | D:11     | Found Fagafuf's Pet Rocks.
 12170 | D:11     | Reached skill level 5 in Fire Magic
 12184 | D:11     | Noticed Lodul
 12187 | D:11     | Killed Lodul
 12268 | D:11     | Found a staircase to the Lair.
 12619 | D:10     | Reached skill level 1 in Air Magic
 12661 | Lair:1   | Entered Level 1 of the Lair of Beasts
 12808 | Lair:1   | Reached skill level 1 in Earth Magic
 13520 | Lair:2   | Reached skill level 16 in Spellcasting
 13536 | Lair:2   | Found a transporter.
 13537 | Lair:2   | Found a transporter.
 13538 | Lair:2   | Noticed a boulder beetle
 13538 | Lair:2   | Noticed a boulder beetle
 13550 | Lair:2   | Killed a boulder beetle
 13552 | Lair:2   | Killed a boulder beetle
 13553 | Lair:2   | Reached skill level 5 in Fighting
 13786 | Lair:2   | Found a staircase to the Shoals.
 13797 | Lair:2   | Reached XP level 13. HP: 65/72 MP: 33/35
 13973 | Lair:2   | Offered knowledge of Iskenderun's Battlesphere by Vehumet.
 14304 | Lair:3   | Found a hole to the Spider Nest.
 14412 | Lair:3   | You fall into a shaft and drop 2 floors!
 14412 | Lair:5   | Entered Level 5 of the Lair of Beasts
 14743 | Lair:4   | HP: 1/72 [six-headed hydra (13)]
 14850 | Lair:4   | Reached skill level 10 in Necromancy
 15018 | Lair:4   | Noticed Rupert
 15024 | Lair:4   | Killed Rupert
 15025 | Lair:4   | Reached skill level 5 in Translocations
 15063 | Lair:4   | Reached skill level 5 in Poison Magic
 15379 | Lair:3   | Identified the +3 leather armour of Okawaru's Inspiration
                  | {Str+4}
 15520 | Lair:3   | Reached skill level 17 in Spellcasting
 16309 | D:2      | Bought the ring of Greed {rElec rPois rN+ AC+4 Str-2} for
                  | 758 gold pieces
 16674 | Lair:5   | Offered knowledge of Conjure Ball Lightning by Vehumet.
 16675 | Lair:5   | Reached XP level 14. HP: 80/80 MP: 30/37
 16804 | Lair:5   | Found a viscous altar of Jiyva.
 16804 | Lair:5   | Found a staircase to the Slime Pits.
 17076 | Lair:5   | Found a runed translucent door.
 17217 | Lair:5   | Reached skill level 18 in Spellcasting
 17678 | Lair:5   | Got Utragud's Papyrus of the Inquisitive Olives
 18177 | Orc:2    | Entered Level 2 of the Orcish Mines
 18587 | Orc:2    | Found Roezostra's General Store.
 18607 | Orc:2    | Found Bamnuus's General Store.
 18621 | Orc:2    | Reached ****** piety under Vehumet
 18700 | Orc:2    | Offered knowledge of Ozocubu's Refrigeration by Vehumet.
 18722 | Orc:2    | Learned a level 7 spell: Ozocubu's Refrigeration
 18740 | Orc:2    | Reached skill level 5 in Armour
 18748 | Orc:2    | Noticed Azrael
 18782 | Orc:2    | Killed Azrael
 18830 | Orc:2    | Reached skill level 5 in Earth Magic
 18964 | Orc:2    | Paralysed by an orc sorcerer for 3 turns
 19090 | Orc:2    | Reached skill level 5 in Air Magic
 19124 | Orc:2    | Found Jyohez's Book Shop.
 19124 | Orc:2    | Found Huzal's Antique Armour Boutique.
 19125 | Orc:2    | Found a one-way gate leading to the halls of Pandemonium.
 19127 | Orc:2    | Bought a Young Poisoner's Handbook for 300 gold pieces
 19132 | Orc:2    | Learned a level 4 spell: Olgreb's Toxic Radiance
 19134 | Orc:2    | Bought a runed helmet for 270 gold pieces
 19204 | Orc:2    | Noticed an orc warlord
 19214 | Orc:2    | Killed an orc warlord
 19281 | Orc:2    | Found a staircase to the Elven Halls.
 19455 | Orc:1    | Noticed an orc warlord
 19461 | Orc:1    | Killed an orc warlord
 19462 | Orc:1    | Reached XP level 15. HP: 80/86 MP: 28/39
 19476 | Orc:1    | Offered knowledge of Lee's Rapid Deconstruction by Vehumet.
 19491 | Orc:1    | Learned a level 5 spell: Lee's Rapid Deconstruction
 19798 | Spider:1 | Entered Level 1 of the Spider Nest
 19818 | Spider:1 | Reached skill level 10 in Dodging
 19833 | Spider:1 | Identified the +1 pair of boots of Piysunuo {Str+3}
 20004 | Spider:1 | Reached skill level 19 in Spellcasting
 21170 | Elf:1    | Entered Level 1 of the Elven Halls
 21386 | Elf:1    | Noticed an Executioner
 21549 | Elf:1    | Noticed a deep elf sorcerer
 21555 | Elf:1    | Killed a deep elf sorcerer
 21789 | Elf:1    | Reached skill level 20 in Spellcasting
 22174 | Trove    | Entered a treasure trove
 22179 | Trove    | Found the +8 Wrath of Trog {antimagic, *Rage Rampage}
 22179 | Trove    | Found the +12 pair of quick blades "Gyre" and "Gimble"
                  | {protect}
 22183 | Trove    | Identified the ring of Akemeir {Fire Str+4}
 22187 | Trove    | Identified the +2 pair of gloves "Seteklek" {rF+ rC+}
 22214 | Trove    | Identified the ring of Descent {rPois rC+ Int+5 Stlth-}
 22222 | Trove    | Identified the +3 ring mail "Poady" {+Inv rF+ Dex+2 Slay-4}
 22440 | D:2      | Bought a ring of see invisible for 210 gold pieces
 22964 | Spider:3 | Noticed an emperor scorpion
 22977 | Spider:3 | Killed an emperor scorpion
 22978 | Spider:3 | Reached XP level 16. HP: 82/94 MP: 24/42
 24015 | Spider:4 | Entered Level 4 of the Spider Nest
 24015 | Spider:4 | Noticed Mara
 24035 | Spider:4 | Killed Mara
 24844 | Spider:4 | Reached skill level 5 in Short Blades
 25094 | Spider:4 | Got a gossamer rune of Zot
 25398 | Shoals:1 | Entered Level 1 of the Shoals
 25561 | Shoals:1 | Reached skill level 21 in Spellcasting
 26111 | Shoals:2 | Found Biskeott's Firing Range.
 26166 | Shoals:1 | Reached XP level 17. HP: 100/100 MP: 39/44
 27106 | Shoals:3 | Found Zemonaik's Distillery.
 27142 | Shoals:3 | Bought a potion of heal wounds for 75 gold pieces
 27142 | Shoals:3 | Bought a potion of heal wounds for 75 gold pieces
 27142 | Shoals:3 | Bought 2 potions of heal wounds for 150 gold pieces
 27200 | Shoals:3 | Noticed Ilsuiw
 27204 | Shoals:3 | Killed Ilsuiw
 27505 | Shoals:3 | Noticed a kraken
 27509 | Shoals:3 | Killed a kraken
 27587 | Shoals:2 | Identified the +1 animal skin "Kougi" {rPois rF++ MP+9}
 27659 | Shoals:4 | Entered Level 4 of the Shoals
 27694 | Shoals:4 | Offered knowledge of Spellforged Servitor by Vehumet.
 27759 | Shoals:4 | Identified the +1 ring mail "Uronn" {rF+ Regen+ Int+3}
 27796 | Shoals:4 | Reached skill level 22 in Spellcasting
 27897 | Shoals:4 | Reached skill level 10 in Fighting
 28079 | Shoals:4 | Got Cuuv Rytt's Atlas of Hot Beguiling
 28079 | Shoals:4 | Got a barnacled rune of Zot
 28083 | Shoals:4 | Noticed a kraken
 28302 | Shoals:4 | Reached XP level 18. HP: 81/108 MP: 46/46
 28382 | Shoals:4 | Identified the ring "Pileq" {Ice Str+4 Dex+3 Slay+2}
 29033 | D:13     | Found a gate to the Vaults.
 29995 | Vaults:1 | Entered Level 1 of the Vaults
 30375 | Vaults:1 | Found Emogyl Osee's Armour Boutique.
 30547 | Vaults:1 | Reached skill level 23 in Spellcasting
 30943 | Vaults:1 | Identified the +9 arbalest of Xom's Indignation {penet,
                  | Dex+4 Stlth+}
 31413 | Vaults:2 | Found a staircase to the Crypt.
 31443 | Vaults:2 | Found a flickering gateway to a bazaar.
 31483 | Bazaar   | Entered a bazaar
 31501 | Bazaar   | Found Huts's Armour Emporium.
 31501 | Bazaar   | Found Fuoqy's Distillery.
 31506 | Bazaar   | Bought a potion of curing for 21 gold pieces
 31506 | Bazaar   | Bought a potion of mutation for 56 gold pieces
 31512 | Bazaar   | Bought a +1 cloak of stealth for 181 gold pieces
 31523 | Bazaar   | Found Luehida's Magic Scroll Shoppe.
 31527 | Bazaar   | Bought a scroll of blinking for 82 gold pieces
 31544 | Bazaar   | Found Subykus's Antique Weapon Emporium.
 31544 | Bazaar   | Found Zefiutze's Weapon Shoppe.
 31548 | Bazaar   | Bought the +8 Vampire's Tooth {megavamp} for 540 gold
                  | pieces
 31548 | Bazaar   | Found the +8 Vampire's Tooth {megavamp}
 31554 | Bazaar   | Bought a glowing long sword for 175 gold pieces
 31573 | Bazaar   | Found Gopir's Armour Shoppe.
 31577 | Bazaar   | Bought the +0 mask of the Dragon {Will+ Slay+3 SInv} for
                  | 367 gold pieces
 31577 | Bazaar   | Found the +0 mask of the Dragon {Will+ Slay+3 SInv}
 32172 | Vaults:2 | Reached XP level 19. HP: 115/115 MP: 42/48
 32248 | Vaults:2 | Offered knowledge of Fire Storm by Vehumet.
 32248 | Vaults:2 | Offered knowledge of Chain Lightning by Vehumet.
 32248 | Vaults:2 | Offered knowledge of Polar Vortex by Vehumet.
 32527 | Vaults:2 | Reached skill level 10 in Earth Magic
 32618 | Vaults:2 | Reached skill level 24 in Spellcasting
 32637 | Vaults:2 | HP: 4/115 [yaktaur/bolt[a vault warden] (14)]
 32779 | Vaults:2 | Learned a level 8 spell: Maxwell's Capacitive Coupling
 32850 | Crypt:1  | Entered Level 1 of the Crypt
 32894 | Crypt:1  | Learned a level 4 spell: Airstrike
 33423 | Crypt:1  | Paralysed by a vampire knight for 5 turns
 33522 | Crypt:1  | Paralysed by a vampire knight for 3 turns
 34225 | Crypt:1  | Learned a level 4 spell: Dispel Undead
 34777 | Crypt:2  | Found a runed translucent gate.
 34778 | Crypt:2  | Found a runed translucent gate.
 34778 | Crypt:2  | Found a runed translucent gate.
 34781 | Crypt:2  | Noticed Zuiged's ghost (veteran FoFi)
 34781 | Crypt:2  | Noticed Fainec's ghost (veteran GrEE)
 34782 | Crypt:2  | Noticed Nyubb's ghost (veteran MiGl)
 35242 | Crypt:3  | Entered Level 3 of the Crypt
 35267 | Crypt:3  | Identified the +5 mace of Fedhas's Displeasure {flame,
                  | rElec rC+ Int+3}
 35636 | Crypt:3  | Reached skill level 10 in Air Magic
 35691 | Crypt:3  | Found a staircase to the Tomb.
 35956 | Crypt:3  | Reached skill level 25 in Spellcasting
 36224 | Crypt:3  | Noticed a curse toe
 36224 | Crypt:3  | Noticed a bone dragon
 36248 | Crypt:3  | Reached XP level 20. HP: 122/122 MP: 47/51
 36256 | Crypt:3  | Killed a bone dragon
 36281 | Crypt:3  | Killed a curse toe
 36474 | Crypt:3  | Noticed a dread lich
 36474 | Crypt:3  | Noticed an ancient lich
 36478 | Crypt:3  | Killed an ancient lich
 36478 | Crypt:3  | Killed a dread lich
 36600 | Crypt:3  | Got the Handbook of Vapourous Creation
 37726 | Vaults:3 | Reached skill level 5 in Stealth
 38096 | Vaults:3 | Noticed Mennas
 38156 | Vaults:2 | Killed Mennas
 38157 | Vaults:2 | Reached skill level 26 in Spellcasting
 38726 | Vaults:4 | Reached skill level 10 in Poison Magic
 38829 | Vaults:4 | Found Gint's Magic Scroll Shop.
 38846 | Vaults:4 | Bought a scroll of brand weapon for 199 gold pieces
 39781 | Vaults:4 | Reached XP level 21. HP: 120/128 MP: 43/53
 39961 | Vaults:4 | Found a huge runed gate.
 39961 | Vaults:4 | Found a huge runed gate.
 39961 | Vaults:4 | Found a huge runed gate.
 39961 | Vaults:4 | Found a huge runed gate.
 39961 | Vaults:4 | Found a huge runed gate.
 39961 | Vaults:4 | Found a huge runed gate.
 39962 | Vaults:4 | Found a huge runed gate.
 39962 | Vaults:4 | Found a huge runed gate.
 39962 | Vaults:4 | Found a huge runed gate.
 39964 | Vaults:4 | Found a huge runed gate.
 39964 | Vaults:4 | Found a huge runed gate.
 39964 | Vaults:4 | Found a huge runed gate.
 39964 | Vaults:4 | Found a huge runed gate.
 39964 | Vaults:4 | Found a huge runed gate.
 39964 | Vaults:4 | Found a huge runed gate.
 39965 | Vaults:4 | Found a huge runed gate.
 39974 | Vaults:4 | Reached skill level 15 in Dodging
 40006 | Vaults:4 | Found a huge runed gate.
 40006 | Vaults:4 | Found a huge runed gate.
 40009 | Vaults:4 | Found a huge runed gate.
 40009 | Vaults:4 | Found a huge runed gate.
 40009 | Vaults:4 | Found a huge runed gate.
 40009 | Vaults:4 | Found a huge runed gate.
 40009 | Vaults:4 | Found a huge runed gate.
 40009 | Vaults:4 | Found a huge runed gate.
 40010 | Vaults:4 | Found a huge runed gate.
 40011 | Vaults:4 | Found a huge runed gate.
 40012 | Vaults:4 | Found a huge runed gate.
 40021 | Vaults:4 | Found a huge runed gate.
 40021 | Vaults:4 | Found a huge runed gate.
 40021 | Vaults:4 | Found a huge runed gate.
 40021 | Vaults:4 | Found a huge runed gate.
 40021 | Vaults:4 | Found a huge runed gate.
 40023 | Vaults:4 | Found a huge runed gate.
 40024 | Vaults:4 | Found a huge runed gate.
 40025 | Vaults:4 | Found a huge runed gate.
 40026 | Vaults:4 | Found a huge runed gate.
 40052 | Vaults:4 | Noticed a golden dragon
 40108 | Vaults:4 | Killed a golden dragon
 40109 | Vaults:4 | Reached skill level 27 in Spellcasting
 40567 | Vaults:4 | Got the Octavo of Execration and Ceraunoscopy
 40943 | Elf:1    | Learned a level 3 spell: Ozocubu's Armour
 41009 | Elf:2    | Found a crumbling gateway.
 41054 | Elf:2    | Reached skill level 10 in Short Blades
 41116 | Desolati | Entered the Desolation of Salt
 41323 | Desolati | Identified the ring "Kiexkoas" {rN+ Slay+3 Stlth+}
 41396 | Desolati | Identified the ring of the Failed Coup {rElec MP+9 Str+4
                  | Dex+2}
 41827 | Desolati | Found the +9 sword of Power {lifebolt}
 41831 | Desolati | Identified the +0 leather armour of Omission {Harm rElec}
 41835 | Desolati | Identified the ring of Culeuz {*Corrode rElec rF+ MP+9
                  | SInv}
 41838 | Desolati | Identified the +1 plate armour of Paech {rF++}
 44815 | Elf:2    | Found Orpholik's Magic Scroll Emporium.
 44819 | Elf:2    | Found Zegenum's Book Shoppe.
 44820 | Elf:2    | Found Wilec's Magic Scroll Emporium.
 45254 | Elf:2    | Found a runed translucent gate.
 45255 | Elf:2    | Found a runed translucent gate.
 45255 | Elf:2    | Found a runed translucent gate.
 45741 | Elf:3    | Entered Level 3 of the Elven Halls
 45863 | Elf:3    | Reached XP level 22. HP: 130/133 MP: 50/55
 46458 | Elf:3    | Identified the staff of fire "Doina" {rF+ rN+++ Will+
                  | Int-2}
 46459 | Elf:3    | Identified the +1 robe of Vehumet's Regard {*Slow rElec
                  | Stlth+ Archmagi}
 46459 | Elf:3    | Identified the ring of Ryc Wug {rPois Int+3 Dex+6}
 46465 | Elf:3    | Identified the +2 lajatang "Hoakleeg" {heavy, Drain Fly
                  | Will+++ Str+8 Int-4}
 46473 | Elf:3    | Reached skill level 10 in Fire Magic
 46473 | Elf:3    | Reached skill level 10 in Ice Magic
 46476 | Elf:3    | Identified the +8 hand axe of the Realm of Zot {protect,
                  | rN+ SInv}
 46589 | Elf:3    | Identified the +1 falchion of Jefabeyc {holy, rElec rN+++
                  | Int-4 SInv}
 46617 | Elf:3    | HP: 3/133 [deep elf master archer/arrow (27)]
 46892 | Elf:3    | Identified the staff of conjuration "Xoask" {rElec}
 47059 | Elf:3    | Identified the staff of earth "Osoetuc" {rF+ rC+ Int-4}
 47360 | Slime:1  | Entered Level 1 of the Pits of Slime
 47711 | Slime:1  | Found a one-way gate to the infinite horrors of the Abyss.
 47720 | Slime:1  | You fall into a shaft and drop 1 floor!
 48107 | Slime:3  | Gained mutation: You do not regenerate when monsters are
                  | visible. [a shining eye]
 48116 | Slime:2  | Killed from afar by an acid blob

Illustrated notes

Levels and vault maps discovered:
D:1:      sevenhm_arrival_forest_fort_small_3, layout_rooms,
          chequers_serial_rivers_room_b, minmay_misc_feat_five
D:2:      layout_loops_ring, dreamdust_ecumenical_altar_angels_and_demons,
          serial_shops, shop
D:3:      layout_basic, grunt_temple_overflow_open, minmay_misc_feat_iff
D:4:      layout_basic, nicolae_overflow_quartered_altars, serial_shops,
          nicolae_diamond_shop
D:5:      layout_loops_ring, lemuel_doored_altar, minmay_misc_feat_rows,
          dreamdust_wishing_well
D:6:      layout_loops_cross, fedhas_altar_fruit_tree,
          minmay_temple_entry_glass, uniq_pikel, uniq_blork_the_orc
D:7:      layout_basic, uniq_menkaure, uniq_joseph, uniq_crazy_yiuf_cottage
D:8:      layout_basic, nicolae_uskayaw_dance_hall, serial_demonic,
          serial_demonic_d, serial_demonic_a, serial_demonic_c,
          serial_demonic_c, nicolae_diode_quadrants
D:9:      layout_irregular_city, kennysheep_little_box, enter_bailey_4,
          minmay_between, uniq_harold
D:10:     layout_basic, nicolae_ru_awakened_eye
D:11:     layout_rooms, hellmonk_lair_entry_icy, serial_ice, serial_ice_j,
          serial_ice_m, serial_ice_o, serial_ice_c, serial_ice_g, serial_ice_f,
          guppyfry_shop_earth, uniq_psyche, uniq_lodul
D:12:     layout_roguey, nicolae_trove_entry_crossroad
D:13:     layout_loops_ring, lightli_vaults_fourway_checkpoint
Lair:1:   layout_small_grid
Lair:2:   gammafunk_boulding_lane, layout_small_grid, elwin_shoals_entry_rooms
Lair:3:   kb_forest_paths, layout_chaotic_city, spider_nest_entry_rubble
Lair:4:   layout_hall_layers, grunt_megastairs_3, lemuel_fruit_fields,
          uniq_rupert
Lair:5:   guppyfry_lair_end_dragon, layout_misc_corridors, wormcave,
          dpeg_slime_entry_enclosed
Shoals:1: layout_shoals, nicolae_shoals_nautilus_by_nature
Shoals:2: argonaut_golden_fleece, layout_shoals, nicolae_shop_firing_range
Shoals:3: layout_shoals, serial_shops, shop, nicolae_shoals_lost_giant_hut,
          uniq_ilsuiw
Shoals:4: shoals_end_hellmonk_lost_city, serial_shops
Spider:1: layout_spider_delve, nicolae_spider_some_kinda_spiderbox
Spider:2: layout_spider_delve, nicolae_spider_twisty_arc_passages
Spider:3: layout_chambers, nicolae_orb_stairs
Spider:4: grunt_spider_rune_circles, guppyfry_hornet_nest, uniq_mara
Slime:1:  layout_caves, amcnicky_altar_lugonu_corruption
Slime:2:  layout_caves
Slime:3:  layout_caves, special_room [special_room_jelly]
Orc:1:    layout_caves
Orc:2:    pf_orc_diabolical, layout_diamond_mine, uniq_azrael
Elf:1:    minmay_elf_arrival_plus, layout_loops_cross,
          kennysheep_underground_church
Elf:2:    nicolae_elf_blades_crystal_corner, layout_rooms,
          portal_desolation_entry_salt, minivault_25_ag, minmay_shop_star
Elf:3:    elf_hall, layout_loops_cross, nicolae_elf_w_pinch
Vaults:1: vaults_dpeg_emergency_exit, nicolae_vaults_ellipses_ellipsis,
          nicolae_vaults_variable_pillar_hall, v_misc_22, v_misc_33,
          nicolae_vaults_closet_pinwheel_3, v_alt_pattern_4, v_alt_pattern_4,
          nicolae_vaults_tetromino_Z_2, nicolae_vaults_taking_the_gang_shopping,
          nicolae_vaults_spaceships, v_misc_33, nicolae_vaults_shelves_hall,
          nicolae_vaults_trapezoid_lopsided_1, nicolae_vaults_little_ls,
          layout_vaults_ring
Vaults:2: ontoclasm_vaults_bender, nicolae_vaults_storage_closets_1, v_misc_9,
          vaults_room_pools, nicolae_vaults_more_shelving_2, v_misc_14,
          vaults_standard_mumra_lines, hangedman_vaults_stream,
          nicolae_vaults_windows_and_doors_thing,
          minmay_crypt_entry_simple_corners, nicolae_vaults_stand_back,
          vaults_dpeg_diagonal, nicolae_vaults_little_squares_5,
          layout_vaults_omnibox, serial_shops, bzr_entry_gold
Vaults:3: nicolae_vaults_three_branches, v_misc_15, vaults_standard_mumra_x,
          v_misc_13, ontoclasm_vaults_loading_screen, nicolae_vaults_tangram_1,
          nicolae_vaults_display_case, vaults_room_ringed_pool,
          nicolae_vaults_octothorpe, vaults_mumra_minichess,
          nicolae_vaults_variable_pillar_hall, v_alt_pattern_6,
          nicolae_vaults_tetromino_L_1, nicolae_vaults_trapezoid_3,
          layout_vaults_big_room, uniq_mennas
Vaults:4: nicolae_vaults_network_periphery, nicolae_vaults_angled_halls,
          ontoclasm_vaults_twist, door_vault, nicolae_vaults_more_shelving_1,
          nicolae_vaults_yaktaur_gun_rack, hangedman_vaults_slither, v_rooms_1,
          ontoclasm_vaults_claustrophobia, nicolae_vaults_trapezoid_lopsided_1,
          grunt_vaults_focal, hangedman_vaults_slice, layout_vaults_omnicross,
          serial_shops, shop
Crypt:1:  layout_rooms, grunt_ministairs_11, st_small_mortuary
Crypt:2:  layout_chaotic_city, gammafunk_ghost_cemetery
Crypt:3:  david_glass_crypt, layout_misc_corridors, tomb_entry_simple_bobbens,
          glass_columns_a

Skill      XL: |  1  2  3  4  5  6  7  8  9 10 11 12 13 14 15 16 17 18 19 20 21 22 |
---------------+-------------------------------------------------------------------+-----
Spellcasting   | 5 6 7 8 9 11 12 13 15 16 17 18 20 21 22 23 25 26 27 | 27.0
Necromancy     | 1 2 4 5 6 7 8 9 10 11 12 13 14 | 14.9
Short Blades   | 1 2 3 4 5 6 7 8 9 10 11 | 11.1
Conjurations   | 1 2 3 4 5 6 7 8 9 |  9.5
Dodging        | 1 2 3 4 5 6 7 8 9 11 12 13 14 15 16 | 16.2
Translocations | 3 4 5 6 7 |  7.2
Stealth        | 2 3 4 5 |  5.1
Throwing       | 1 2 3 |  3.0
Shields        | 2 |  2.9
Evocations     | 1 |  1.0
Ice Magic      | 2 3 4 5 6 7 8 9 10 | 10.2
Transmutations | 1 3 |  3.0
Fire Magic     | 1 3 4 5 6 7 8 9 10 | 10.5
Poison Magic   | 2 3 4 5 6 7 8 9 10 11 | 11.0
Long Blades    | 1 3 |  3.1
Fighting       | 1 3 5 6 7 8 9 10 11 12 | 12.6
Armour         | 1 3 4 5 6 7 |  7.3
Air Magic      | 1 3 5 6 7 8 9 10 13 14 | 14.3
Earth Magic    | 2 3 5 6 7 8 9 10 | 10.1
Invocations    | |  1.1

Action                     |  1- 3 |  4- 6 |  7- 9 | 10-12 | 13-15 | 16-18 | 19-21 | 22-24 || total
---------------------------+-------+-------+-------+-------+-------+-------+-------+-------++-------
  Melee: Short sword       |     7 |       |       |       |       |       |       |       ||     7
         Rapier            |    21 |    63 |    37 |    12 |    31 |       |       |       ||   164
         Dagger            |       |       |    33 |       |       |       |       |       ||    33
         Scimitar          |       |       |     8 |    63 |    53 |       |       |       ||   124
         Pair of quick bla |       |       |       |       |     4 |   396 |   395 |    39 ||   834
  Throw: Dart              |       |    10 |    15 |    42 |       |       |       |       ||    67
         Boomerang         |       |       |       |       |    13 |    16 |    22 |    15 ||    66
   Cast: Apportation       |    25 |    22 |    32 |    52 |    71 |    66 |    51 |    13 ||   332
         Magic Dart        |    32 |    72 |    16 |    12 |     8 |       |       |       ||   140
         Blink             |     1 |     3 |     3 |    12 |     5 |     9 |    36 |     3 ||    72
         Vampiric Draining |     1 |    13 |    33 |    61 |    28 |    45 |    35 |     3 ||   219
         Ignite Poison     |       |     1 |     3 |    22 |   149 |   180 |   124 |    29 ||   508
         Searing Ray       |       |       |    52 |    35 |     5 |     8 |     7 |     8 ||   115
         Frozen Ramparts   |       |       |     3 |    42 |    36 |    52 |    20 |     2 ||   155
         Sticky Flame      |       |       |     2 |    37 |    30 |    65 |    99 |     3 ||   236
         Fireball          |       |       |       |    34 |     8 |    17 |   104 |     6 ||   169
         Poisonous Vapours |       |       |       |    31 |   237 |   240 |   142 |    40 ||   690
         Wereblood         |       |       |       |     4 |    25 |    20 |    28 |     4 ||    81
         Freezing Cloud    |       |       |       |     4 |    33 |    22 |    12 |     5 ||    76
         Mephitic Cloud    |       |       |       |     3 |    14 |     2 |    22 |       ||    41
         Olgreb's Toxic Ra |       |       |       |       |    29 |    50 |    42 |     9 ||   130
         Ozocubu's Refrige |       |       |       |       |     8 |    13 |     4 |     2 ||    27
         Lee's Rapid Decon |       |       |       |       |    24 |     3 |   103 |    10 ||   140
         Dispel Undead     |       |       |       |       |       |       |    86 |       ||    86
         Maxwell's Capacit |       |       |       |       |       |       |     4 |       ||     4
         Airstrike         |       |       |       |       |       |       |    36 |     5 ||    41
         Ozocubu's Armour  |       |       |       |       |       |       |       |     8 ||     8
  Evoke: Wand              |       |       |     3 |    10 |       |       |       |       ||    13
    Use: Scroll            |     1 |       |       |    17 |    10 |     1 |    21 |       ||    50
         Potion            |       |       |     1 |     1 |     2 |     7 |    10 |     1 ||    22
   Stab: Sleeping          |       |     2 |     7 |     2 |     5 |    14 |     8 |       ||    38
         Confused          |       |       |       |       |     1 |       |     1 |       ||     2
 Armour: Robe              |    16 |    15 |    39 |    36 |       |       |       |       ||   106
         Steam dragon scal |       |       |       |     8 |       |       |       |       ||     8
         Troll leather arm |       |       |       |    12 |    85 |   245 |       |       ||   342
         Ring mail         |       |       |       |       |       |   118 |   289 |    83 ||   490
  Dodge: Dodged            |    37 |    40 |   128 |   164 |   144 |   437 |   297 |    58 ||  1305
         Repelled          |       |       |       |       |       |     6 |       |       ||     6
  Block: Buckler           |    11 |    19 |    35 |    49 |    34 |       |       |       ||   148
